 Dungeon Crawl Stone Soup version 0.29-a0-559-g359e09b9d1 (webtiles) character file.

Game seed: 11301983002167935595

91 xian the Ducker (level 4, 0/34 HPs)
             Began as a Demonspawn Gladiator on June 10, 2022.
             Slain by an ogre
             ... wielding a +0 giant spiked club
              (19 damage)
             ... on level 4 of the Dungeon.
             The game lasted 00:07:06 (1861 turns).

xian the Ducker (Demonspawn Gladiator)              Turns: 1861, Time: 00:07:07

Health: 0/34       AC:  9    Str: 14    XL:     4   Next: 33%
Magic:  4/4        EV: 12    Int: 10    God:
Gold:   117        SH:  0    Dex: 13    Spells: 3/3 levels left

rFire   . . .      SeeInvis +   i - +2 hunting sling (flame)
rCold   . . .      Faith    .   (no shield)
rNeg    . . .      Spirit   .   q - +1 leather armour "Feupp" {Regen+ Dex-3 SInv}
rPois   .          Reflect  .   c - +0 helmet
rElec   .          Harm     .   (no cloak)
rCorr   .          Rampage  .   a - +3 pair of gauntlets of War {Slay+5}
Will    .....                   (no boots)
Stlth   +.........              (no amulet)
HPRegen 0.91/turn               (no ring)
MPRegen 0.09/turn               (no ring)

@: no status effects
A: spiny 1
a: no special abilities


You were on level 4 of the Dungeon.
You visited 1 branch of the dungeon, and saw 4 of its levels.

You collected 117 gold pieces.

Inventory:

Hand Weapons
 i - a +2 hunting sling of flaming (weapon)
 o - a +5 flail of protection
Missiles
 d - 3 throwing nets
 e - a javelin
 g - 2 silver javelins
 n - 4 poisoned darts
Armour
 a - the +3 pair of gauntlets of War (worn) {Slay+5}
   (You acquired it on level 3 of the Dungeon)

   Slay:      It affects your accuracy & damage with ranged weapons and melee
   (+5).
 c - a +0 helmet (worn)
 q - the +1 leather armour "Feupp" (worn) {Regen+ Dex-3 SInv}
   (You found it on level 4 of the Dungeon)

   Dex:       It affects your dexterity (-3).
   SInv:      It lets you see invisible.
   Regen:     It increases your rate of health regeneration.
Scrolls
 f - a scroll of enchant weapon {unknown}
 h - a scroll of brand weapon
 j - a scroll of identify
 k - a scroll of vulnerability {unknown}
 l - 2 scrolls of magic mapping {unknown}
 m - 2 scrolls of fog
 p - a scroll of poison {unknown}
Potions
 b - a potion of resistance {unknown}


   Skills:
 + Level 2.6 Fighting
 + Level 3.0 Long Blades
 + Level 2.1(2.5) Slings
 + Level 2.0(2.4) Throwing
 + Level 0.4 Armour
 + Level 3.1 Dodging
 + Level 0.3 Stealth


You had 3 spell levels left.
You didn't know any spells.
Your spell library was empty.

Dungeon Overview and Level Annotations

Branches:
Dungeon (4/15)
 Temple: D:4-7

Altars:
Kikubaaqudgha

Annotations:
D:2 Sigmund


Innate Abilities, Weirdness & Mutations

You are partially covered in sharp spines.


Message History

You finish putting on the +1 leather armour "Feupp" {Regen+ Dex-3 SInv}.
The leather armour "Feupp" throbs as it attunes itself to your uninjured body.
You feel clumsy.
You drop a +0 leather armour.
b - a bubbling green potion
Found a stone staircase leading down.
A quokka comes into view.
You see here 13 gold pieces.
You shoot a sling bullet. The sling bullet hits the quokka!
The sling bullet burns the quokka.
You kill the quokka!
No target in view!
No target in view!
You now have 117 gold pieces (gained 13).
An iguana comes into view.
The iguana hisses angrily.
You shoot a sling bullet.
The sling bullet hits the iguana but does no damage.
An ogre comes into view. It is wielding a +0 giant spiked club.
You shoot a sling bullet. The ogre shouts!
The sling bullet hits the iguana but does no damage.
The iguana is struck by your spines.
The iguana bites you but does no damage.
You shoot a sling bullet.
The sling bullet barely misses the iguana.
The sling bullet barely misses the ogre.
The iguana closely misses you.
You shoot a sling bullet.
The sling bullet hits the iguana but does no damage.
The iguana is lightly wounded.
The ogre hits you with a +0 giant spiked club!
The iguana bites you. The iguana is struck by your spines.
The iguana bites you but does no damage.
You shoot a sling bullet.
The sling bullet closely misses the iguana.
The ogre is struck by your spines.
The ogre hits you with a +0 giant spiked club!!
Ouch! That really hurt!
You die...

##........#.#
#........#.#####
..>.......#.##..#
#....#.....#.##..#
...#.#.###.#.##..#
#.##..# # #.##..#
....#.O...#
#....l@..#
#..####### #....
#.#. # ##


You could see an ogre and an iguana.

Vanquished Creatures
  2 worms (D:3)
  5 dart slugs
  2 orcs (D:3)
  8 ball pythons
  4 bats
  4 endoplasms
  3 giant cockroaches
  7 goblins
  7 hobgoblins
  7 jackals
  4 quokkas
  3 kobolds
  6 rats
62 creatures vanquished.

Vanquished Creatures (others)
  A human (D:3)
1 creature vanquished.

Grand Total: 63 creatures vanquished

Notes
Turn   | Place    | Note
-------+----------+-------------------------------------------
     0 | D:1      | xian the Demonspawn Gladiator began the quest for the Orb.
     0 | D:1      | Reached XP level 1. HP: 16/16 MP: 1/1
   247 | D:1      | Gained mutation: You are partially covered in sharp spines.
                  | [demonic ancestry]
   247 | D:1      | Reached XP level 2. HP: 22/22 MP: 2/2
   457 | D:1      | Found a faded altar of an unknown god.
   669 | D:1      | Reached XP level 3. HP: 24/27 MP: 3/3
   994 | D:2      | Noticed Sigmund
  1262 | D:3      | Identified a scroll of acquirement
  1262 | D:3      | Acquired the +3 pair of gauntlets of War {Slay+5}
  1262 | D:3      | Found the +3 pair of gauntlets of War {Slay+5}
  1311 | D:3      | Reached skill level 1 in Slings
  1390 | D:3      | Reached XP level 4. HP: 30/34 MP: 4/4
  1772 | D:3      | Found an ancient bone altar of Kikubaaqudgha.
  1773 | D:3      | Noticed a human
  1775 | D:3      | Killed a human
  1809 | D:4      | Identified the +1 leather armour "Feupp" {Regen+ Dex-3
                  | SInv}
  1857 | D:4      | Noticed an ogre
  1861 | D:4      | Slain by an ogre

Illustrated notes

Levels and vault maps discovered:
D:1:      minmay_arrival_four_houses, layout_basic,
          nicolae_ecumenical_lake_church, corexii_hall_statues_l
D:2:      layout_rooms, basic_altar, hangedman_decor_peaks_small,
          kennysheep_generic_room_13, uniq_sigmund, uniq_robin
D:3:      layout_rooms, tgw_kikubaaqudgha, minmay_fractal_squares_diagonal_5
D:4:      cheibrodos_thug_alley, layout_basic, lemuel_tele_altar,
          lemuel_zombie_altar_yredelemnul, uniq_natasha

Skill      XL: |  1  2  3  4 |
---------------+-------------+-----
Dodging        | 3 |  3.1
Long Blades    | 3 |  3.0
Throwing       | 2 |  2.0
Slings         | 1 2 |  2.1
Fighting       | |  2.6
Armour         | |  0.4
Stealth        | |  0.3

Action                   |  1- 3 |  4- 6 || total
-------------------------+-------+-------++-------
Melee: Long sword        |     9 |       ||     9
       Hunting sling     |     3 |       ||     3
       Flail             |     2 |       ||     2
 Fire: Hunting sling     |    66 |    32 ||    98
Throw: Javelin           |     5 |       ||     5
  Use: Scroll            |     3 |       ||     3
       Potion            |     1 |       ||     1
Armor: Leather armour    |     9 |     3 ||    12
Dodge: Dodged            |    24 |     3 ||    27

Table legend: (Time is in decaauts)
 A = Elapsed time spent in this place.
 B = Non-inter-level travel time spent in this place.
 C = Inter-level travel time spent in this place.
 D = Time resting spent in this place.
 E = Time spent auto-exploring this place.
 F = Levels seen in this place.
 G = Mean time per level.
                   A        B        C        D        E       F      G
               +--------+--------+--------+--------+--------+-----+--------+
         Total |   1910 |   1786 |    124 |    212 |   1139 |   4 |  477.5 |
       Dungeon |   1910 |   1786 |    124 |    212 |   1139 |   4 |  477.5 |
               +--------+--------+--------+--------+--------+-----+--------+

Top non-repeatable levels by time:
     D:1: 1011 daAuts
     D:3: 786 daAuts
     D:4: 64 daAuts
     D:2: 47 daAuts
